AoeStats
← Long John Silver

Arena

507709736Analyzed
4v4 RM · 13d ago on Sep 19, 2026· 17m 28s· 8 players
Game mode
Random Map
Map size
Large (8 player)
Population
200
Speed
Normal
Resources
Standard
Victory
Conquest
Starting age
Dark Age
Ending age
Imperial Age
RankedLock teamsTeams togetherTeam positionsShared explorationLock speedFull tech treeHidden civsTurbo modeCheats
Victory
Defeat
1642
+9
🇫🇷 Ethiopians · France
1508
+15
🇹🇷 Bengalis · Türkiye
1462
+16
1388
+19
🇫🇷 Persians · France
1507
-16
🇫🇷 Italians · France
1487
-15
🇩🇪 Poles · Germany
1462
-14
🇫🇷 Shu · France
1453
-14
XbugX
11:00 Feudal Age
14:42 Castle Age
12:39 Double-Bit Axe
12:38 Horse Collar
15:45 Bow Saw
15:36 Heavy Plow
Tifur
10:52 Feudal Age
14:28 Castle Age
12:56 Double-Bit Axe
14:40 Horse Collar
Tournevis à clou
11:18 Feudal Age
12:37 Horse Collar
15:23 Castle Age
13:49 Double-Bit Axe
Long John Silver
10:41 Feudal Age
14:36 Castle Age
13:16 Double-Bit Axe
13:50 Horse Collar
dehinker
10:40 Feudal Age
15:21 Castle Age
13:53 Horse Collar
14:55 Double-Bit Axe
17:08 Bow Saw
17:51 Wheelbarrow
17:41 Heavy Plow
MLT | El Campeador di Melito
11:29 Feudal Age
14:35 Castle Age
12:50 Double-Bit Axe
13:04 Horse Collar
16:13 Bow Saw
ITA | CivettaAviotrasportata
10:45 Feudal Age
14:58 Castle Age
13:19 Double-Bit Axe
14:22 Horse Collar
14:34 Gold Mining
15:59 Bow Saw
16:40 Town Watch
TATAKAE
10:46 Feudal Age
14:30 Castle Age
12:48 Double-Bit Axe
12:59 Horse Collar
15:23 Bow Saw
16:02 Fletching
Connection lost

Rejoining the realm…

Still unreachable

The connection could not be restored.

Session expired

The server has moved on; the page needs a fresh start.